[Event "FRA-ch Teams Top 16-Haute 2022"]
[Site "Chartres"]
[Date "2022.06.16"]
[Round "8.25"]
[White "Parligras, Mircea-Emilian"]
[Black "Van Foreest, Jorden"]
[Result "1/2-1/2"]
[ECO "A80"]
[WhiteElo "2583"]
[BlackElo "2715"]
[Annotator "TA"]
[PlyCount "76"]
[EventDate "2022.06.16"]
[EventType "team-tourn"]
[EventCountry "FRA"]
[SourceTitle "playchess.com"]
[Source "ChessBase"]
[SourceQuality "1"]
[TimeControl "40/5400+30:1800+30"]

1. d4 f5 2. Nc3 Nf6 3. Bg5 d5 4. e3 e6 5. Nf3 Nbd7 6. Be2 {[%emt 0:10:14] A80: Dutch Defence: Unusual White second moves.} (6. Ne2 $5 ) 6... Be7 7. O-O O-O 8. h3 {[%emt 0:07:36] [#] The position is equal.} a6 $146 ({Predecessor:} 8... c6 9. Bf4 Nh5 10. Bh2 Nhf6 11. Rb1 Ne4 12. Nd2 Nxc3 13. bxc3 Qa5 14. c4 Qxa2 {½-½ (59) Lobunets,V (1801)-Landl,M (1975) Krakow 2018}) 9. Nb1 $1 h6 10. Bf4 b5 11. a4 bxa4 12. Rxa4 c5 13. c3 a5 14. Nbd2 Bb7 15. Ra2 Ne4 16. Nxe4 dxe4 17. Ne5 Nxe5 18. Bxe5 Bd5 19. c4 Bc6 20. dxc5 Bxc5 21. Qxd8 Rfxd8 22. Rd1 Bb4 23. Raa1 Kf7 24. Rxd8 Rxd8 25. Rd1 Ra8 26. c5 Bd5 27. c6 Bxc6 28. Rc1 Bd7 (28... Rc8 $2 29. Ba6 Bb7 30. Rxc8 $18) 29. Rc7 Rd8 30. Ra7 g6 31. Bc7 Rc8 32. Ba6 $1 Re8 33. Bb6 {[%emt 0:04:26] Inhibits Bc5.} Re7 34. Bd8 $1 Bc5 35. Rb7 Bc8 36. Bxe7 (36. Rb5 $5 Bxa6 37. Rxc5 $11) 36... Bxb7 {[%emt 0:00:08] Black has an edge.} 37. Bxc5 Bxa6 38. b3 Bb5 {[%emt 0:00:12] Weighted Error Value: White=0.06 (flawless) /Black=0.05 (flawless)} 1/2-1/2

[Event "FRA-ch Teams Top 16-Haute 2022"]
[Site "Chartres"]
[Date "2022.06.16"]
[Round "8.26"]
[White "Amin, Bassem"]
[Black "Abasov, Nijat"]
[Result "1-0"]
[ECO "C43"]
[WhiteElo "2686"]
[BlackElo "2635"]
[Annotator "TA"]
[PlyCount "65"]
[EventDate "2022.06.16"]
[EventType "team-tourn"]
[EventCountry "FRA"]
[SourceTitle "playchess.com"]
[Source "ChessBase"]
[SourceQuality "1"]
[TimeControl "40/5400+30:1800+30"]

1. e4 e5 2. Nf3 Nf6 3. d4 Nxe4 4. Bd3 d5 5. Nxe5 Nd7 6. Nc3 Nxe5 {[%emt 0:08:19] 6...Nxc3 might become the main line.} 7. dxe5 Bb4 {[%emt 0:00:06] C43: Petroff Defence: 3 d4.} 8. O-O Nxc3 9. bxc3 Bxc3 {[%emt 0:00:03] The position is equal.} 10. Rb1 O-O 11. Bxh7+ {[%emt 0:00:07][%mdl 64] [#] Decoy} Kxh7 12. Qd3+ Kg8 13. Qxc3 a5 14. Rd1 {[%emt 0:00:42] [#]} (14. Qg3 {looks sharper.} Qd7 15. Rb3 Qf5 16. Ba3) 14... Re8 $146 ({Predecessor:} 14... Qd7 15. Bg5 Ra6 16. Rd3 Qf5 17. f4 Rc6 18. Qd2 Qh7 19. Be7 Re8 20. Rxd5 Qxc2 {0-1 (117) Ramoutar,A (2411)-Vetokhin,S (2339) Arandjelovac 2021}) 15. h3 Ra6 16. Rb5 c6 17. Rb3 a4 18. Rb4 Qa5 {[%emt 0:00:00] ...c5 is the strong threat.} 19. Be3 {[%emt 0:00:00] Prevents c5.} c5 20. Qxc5 (20. Bxc5 $2 Rc6 21. Qd4 (21. Rxd5 $2 Be6 $19) 21... Qxc5 $19) 20... Qxc5 21. Bxc5 Rxe5 22. a3 Rc6 23. Bd4 Rg5 24. Be3 ({Much weaker is} 24. Rxa4 Bxh3 25. g3 (25. Ra8+ Kh7 $17) 25... Rxc2 $15) 24... Re5 25. c3 Rh5 26. Bd4 {[%emt 0:00:00] White is more active.} ({Don't take} 26. Rxa4 Rxc3 27. Ra5 Kh7 $14) 26... Rg6 {[%emt 0:02:30] [#]} 27. Kh2 ({Worse is} 27. Rxa4 Bxh3 28. Kf1 (28. Ra8+ Kh7 $17) 28... Bg4 $15) 27... Rhg5 28. g4 {[%emt 0:00:00] Threatens to win with Re1.} Ra6 $2 {[%emt 0:00:30] Loses the game.} (28... Re6 $16 {was necessary.} 29. Rxa4 Re8) 29. Re1 $18 Kh7 $2 (29... Re6 {might work better.}) 30. Re8 {[%emt 0:00:00] White is clearly winning.} Rc6 31. f4 Rgg6 32. f5 Rgd6 33. Be5 {[%emt 0:00:00] Weighted Error Value: White=0.01 (flawless) /Black=0.33} 1-0

[Event "FRA-ch Teams Top 16-Haute 2022"]
[Site "Chartres"]
[Date "2022.06.16"]
[Round "8.27"]
[White "Nanu, Costica-Ciprian"]
[Black "Tregubov, Pavel V."]
[Result "0-1"]
[ECO "A25"]
[WhiteElo "2520"]
[BlackElo "2541"]
[Annotator "TA"]
[PlyCount "68"]
[EventDate "2022.06.16"]
[EventType "team-tourn"]
[EventCountry "FRA"]
[SourceTitle "playchess.com"]
[Source "ChessBase"]
[SourceQuality "1"]
[TimeControl "40/5400+30:1800+30"]

1. c4 e5 2. g3 Nf6 3. Bg2 Nc6 4. Nc3 Bc5 5. a3 a6 6. e3 d6 {[%emt 0:00:38] A25: English Opening vs King's Indian with ...Nc6 but without early d3.} 7. Nge2 O-O {[%emt 0:10:58] has lost popularity (7...Ba7).} 8. d3 (8. b4 $5 Ba7 9. d4 $11) 8... Ne7 {[%emt 0:04:18] The position is equal.} 9. O-O c6 10. d4 Ba7 11. b3 Be6 12. Bb2 {[%emt 0:02:34] [#]} Qd7 $146 ({Predecessor:} 12... Qc8 13. Qd3 Bh3 14. Rad1 Bxg2 15. Kxg2 Rd8 16. Rd2 Nf5 17. d5 b5 18. dxc6 bxc4 19. Qxc4 Bxe3 {½-½ (45) Cruz,C (2546)-Popov,I (2622) Chennai 2015}) 13. a4 Rad8 14. a5 ({White should try} 14. dxe5 $14 dxe5 15. Ba3) 14... Qc8 $11 15. Qc2 Bf5 16. Ne4 Nxe4 17. Bxe4 Bxe4 18. Qxe4 f5 19. Qg2 Ng6 20. Qh3 Qc7 21. c5 $2 {[%emt 0:07:56] [#] Loses the game.} (21. Bc3 $11) 21... dxc5 $19 22. Ba3 (22. dxe5 {was worth a try.} Rd2 23. Bc3 Rxe2 24. Rfc1) 22... exd4 23. exd4 Rfe8 ({Not} 23... cxd4 24. Bxf8 Rxf8 25. Rfd1 $17) 24. Nc1 cxd4 25. Qxf5 Rd5 26. Qc2 Qxa5 {[%emt 0:01:26] ...Ne5 is the strong threat.} 27. Nd3 Qb5 28. Rae1 Rdd8 29. Qd1 (29. Qc4+ {might work better.} Qxc4 30. bxc4) 29... Ne5 30. Nxe5 Rxe5 31. Rxe5 Qxe5 32. Re1 Qf5 33. Re7 $2 {[%emt 0:04:05] [#]} (33. Bc1) 33... d3 34. Kh1 Qxf2 {[%emt 0:23:51] Weighted Error Value: White=0.59/Black=0.11 (very precise)} 0-1

[Event "FRA-ch Teams Top 16-Haute 2022"]
[Site "Chartres"]
[Date "2022.06.16"]
[Round "8.28"]
[White "Vocaturo, Daniele"]
[Black "Barbot, Pierre"]
[Result "1-0"]
[ECO "C42"]
[WhiteElo "2608"]
[BlackElo "2450"]
[Annotator "TA"]
[PlyCount "69"]
[EventDate "2022.06.16"]
[EventType "team-tourn"]
[EventCountry "FRA"]
[SourceTitle "playchess.com"]
[Source "ChessBase"]
[SourceQuality "1"]
[TimeControl "40/5400+30:1800+30"]

1. e4 e5 2. Nf3 Nf6 3. Nxe5 d6 4. Nf3 Nxe4 5. Nc3 Nf6 6. d4 Be7 7. Bd3 O-O 8. O-O {[%emt 0:01:31] C42: Petroff Defence: 3 Nxe5 and unusual White 3rd moves.} Re8 9. Ne2 b6 10. Ng3 {[%emt 0:02:46] The position is equal.} Bb7 {[%emt 0:01:26] [#]} 11. Bf4 $146 ({Predecessor:} 11. Nf5 Bf8 12. Bg5 h6 13. Bh4 g6 14. Ne3 Bg7 15. Re1 Nbd7 16. c3 c5 17. Rc1 {0-1 (40) Valner,U (2274)-Usmanov,V (2495) Tallinn 2019}) 11... Nbd7 12. c4 Nf8 13. d5 Ng6 14. Bd2 Ne5 (14... c6 $11) 15. Nxe5 dxe5 16. Bc3 Bd6 17. Qf3 e4 18. Bxe4 ({Reject} 18. Nxe4 Nxe4 19. Bxe4 Qh4 $15) 18... Nxe4 19. Nxe4 {[%emt 0:03:23][%cal Oe4f6] Black must now prevent Nf6+!} Bxh2+ $1 {[%emt 0:00:05][%mdl 64] Decoy} 20. Kxh2 Qh4+ 21. Kg1 Rxe4 22. Rae1 $40 {[%emt 0:00:41][%mdl 128] White is up to no good.} Ree8 (22... Rxc4 $11 23. Re3 Qg4) 23. Re3 $16 {[%emt 0:10:23] And now Rfe1 would win.} f6 24. Rfe1 Rxe3 25. Qxe3 {[%emt 0:03:55] Threatening mate with Qe6+.} Qh5 (25... Qxc4 {leads to mate.} 26. Qe6+ Kf8 {[#]} 27. Bxf6 $1 Qc5 28. Be7+) 26. Qg3 {[%emt 0:01:12][%csl LRc7,LRf6] White is more active.} Qf7 {[%emt 0:00:04] Inhibits Re7.} (26... Re8 $16) 27. Re6 $18 {[%emt 0:00:17] Strongly threatening Rxf6.} Kh8 28. Qe3 Rc8 29. f3 Ba6 30. b3 h6 $2 {[%emt 0:00:04] [#]} (30... Qg6 31. Re7 h6) 31. Bxf6 $1 {[%emt 0:08:02][%mdl 512] White is clearly winning.} gxf6 32. Qxh6+ Qh7 33. Qxf6+ Qg7 34. Qh4+ Kg8 35. Qh5 {[%emt 0:00:08] Weighted Error Value: White=0.08 (flawless) /Black=0.27 (precise)} 1-0

[Event "FRA-ch Teams Top 16-Haute 2022"]
[Site "Chartres"]
[Date "2022.06.16"]
[Round "8.29"]
[White "Demuth, Adrien"]
[Black "Libiszewski, Fabien"]
[Result "1/2-1/2"]
[ECO "E92"]
[WhiteElo "2493"]
[BlackElo "2514"]
[Annotator "TA"]
[PlyCount "64"]
[EventDate "2022.06.16"]
[EventType "team-tourn"]
[EventCountry "FRA"]
[SourceTitle "playchess.com"]
[Source "ChessBase"]
[SourceQuality "1"]
[TimeControl "40/5400+30:1800+30"]

1. Nf3 Nf6 2. c4 g6 3. Nc3 Bg7 4. d4 O-O 5. e4 d6 6. Be2 e5 7. d5 a5 8. Bg5 h6 9. Be3 Ng4 {[%emt 0:04:22] E92: King's Indian: Classical: 6 Be2 e5: 7 dxe5, 7 Be3 and Petrosian System without 7...Nbd7.} 10. Bd2 $1 {[%emt 0:00:29] 10.Bd2 scores better than 10.Bc1.} f5 11. h3 Nf6 {[%emt 0:00:31] White is slightly better.} 12. exf5 gxf5 13. g4 {[%emt 0:00:37] [#]} Ne4 $5 $146 {[%emt 0:11:38][%mdl 8] Prevents g5. An interesting novelty.} (13... fxg4 $11 14. hxg4 Nxg4) ({Predecessor:} 13... Na6 14. g5 hxg5 15. Bxg5 Nc5 16. Rg1 Kh8 17. Qc2 Qe8 18. O-O-O Nfe4 19. Nb5 Qf7 {1-0 (40) Moskalenko,A (2515)-Perez Ponsa,F (2554) Chess.com INT 2021}) 14. Nxe4 $1 $14 fxe4 15. Nh2 Na6 ({Much weaker is} 15... Qh4 16. Be3 $11) 16. Be3 Bd7 17. Nf1 Rf4 18. Ng3 $16 Qh4 19. Bxf4 ({White should try} 19. Qd2 $1 $16) 19... exf4 $11 20. Nxe4 {[%emt 0:00:03] Black must now prevent Kf1.} Re8 $36 {[%emt 0:00:43][%mdl 2048] Black has the initiative.} 21. Bf3 (21. Qd3 $11 {and White has nothing to worry.}) 21... Nc5 $1 $19 22. Qc2 (22. Qe2 $17 Bxb2 23. Rd1 Nxe4 24. Bxe4) 22... Nxe4 (22... Qe7 $2 23. O-O-O $1 $18) 23. Bxe4 {[%emt 0:00:05] [#] Strongly threatening 0-0-0.} Bxg4 $3 {[%emt 0:00:28][%mdl 576] Pin} 24. Kf1 {[%emt 0:05:58] [#]} (24. Rg1 Bf5) 24... Bxh3+ (24... f3 $1 $19 {and Black stays clearly on top.} 25. Kg1 Bh5 26. Bxf3 Bxf3) 25. Rxh3 $17 Qxh3+ 26. Bg2 Qh4 (26... Qg4 $17 {Threatens to win with ...f3.} 27. f3 Qg3) 27. Re1 $15 Rf8 {[%emt 0:08:18] And now ...f3 would win.} 28. Qe4 Qf6 (28... Bxb2 $15 29. Qg6+ Bg7) 29. Qe6+ Kh8 {[%emt 0:01:22] aiming for ...f3.} 30. Qxf6 Bxf6 31. b3 Be5 (31... a4 $5) 32. Ke2 Kg7 {[%emt 0:00:43] Whites escaped into a draw.  Weighted Error Value: White=0.67/Black=0.33} 1/2-1/2

[Event "FRA-ch Teams Top 16-Haute 2022"]
[Site "Chartres"]
[Date "2022.06.16"]
[Round "8.30"]
[White "Gharamian, Tigran"]
[Black "Wirig, Anthony"]
[Result "1/2-1/2"]
[ECO "B45"]
[WhiteElo "2602"]
[BlackElo "2520"]
[Annotator "TA"]
[PlyCount "60"]
[EventDate "2022.06.16"]
[EventType "team-tourn"]
[EventCountry "FRA"]
[SourceTitle "playchess.com"]
[Source "ChessBase"]
[SourceQuality "1"]
[TimeControl "40/5400+30:1800+30"]

1. e4 c5 2. Nf3 e6 3. d4 cxd4 4. Nxd4 Nf6 5. Nc3 Nc6 6. Ndb5 Bb4 7. a3 Bxc3+ 8. Nxc3 d5 9. exd5 exd5 10. Bd3 O-O 11. O-O Bg4 12. f3 Bh5 $1 {[%emt 0:00:18][%mdl 4] is more profitable than 12...Be6 at the moment.} 13. Rf2 {[%emt 0:00:12] B45: Sicilian Four Knights.} (13. Bg5 {feels hotter.} Qb6+ 14. Kh1 Rad8 15. Re1) 13... d4 {[%emt 0:13:07] The position is equal.} 14. Ne2 {[%emt 0:06:17] [#]} Bg6 $146 ({Predecessor:} 14... Nd5 15. b4 Nc3 16. Qd2 Nxe2+ 17. Rxe2 a6 18. a4 Bg6 19. Ba3 Re8 20. Rxe8+ Qxe8 21. Re1 Qd7 {½-½ (45) Mohammad,M (2322)-Rahman,M (2196) Dhaka 2019}) 15. Bb5 d3 16. Bxd3 (16. cxd3 {seems wilder.} Qb6 17. Bc4 Rad8 18. Qb3) 16... Bxd3 (16... Re8 {with more complications.} 17. Bg5 Qb6 18. Bxg6 hxg6 19. Rb1 Qc5) 17. Qxd3 Qxd3 18. cxd3 Rfd8 19. Bg5 Rxd3 20. Bxf6 gxf6 21. Nf4 Rd6 22. Re2 Kg7 23. Rc1 Rad8 24. Kf2 Rd2 (24... f5 {is more complex.} 25. Rc5 Kf6 26. g4 fxg4 27. fxg4 Rd2) 25. Rc2 R2d4 26. Kg3 Kh6 {[%emt 0:01:25] [#] Threatens to win with ...Rg8+.} 27. Nh3 Rg8+ 28. Kf2 Rgd8 29. Kg3 Rg8+ 30. Kf2 Rgd8 {[%emt 0:00:04] An uneventful encounter.  Weighted Error Value: White=0.05 (flawless) /Black=0.02 (flawless)} 1/2-1/2

[Event "FRA-ch Teams Top 16-Haute 2022"]
[Site "Chartres"]
[Date "2022.06.16"]
[Round "8.31"]
[White "Loiseau, Quentin"]
[Black "Delorme, Axel"]
[Result "0-1"]
[ECO "E06"]
[WhiteElo "2445"]
[BlackElo "2461"]
[Annotator "TA"]
[PlyCount "74"]
[EventDate "2022.06.16"]
[EventType "team-tourn"]
[EventCountry "FRA"]
[SourceTitle "playchess.com"]
[Source "ChessBase"]
[SourceQuality "1"]
[TimeControl "40/5400+30:1800+30"]

1. d4 Nf6 2. c4 e6 3. g3 d5 4. Bg2 Be7 5. Nf3 O-O 6. O-O c6 7. Qc2 b6 $1 {[%emt 0:03:55][%mdl 4] is now more promising than 7...Nbd7.} 8. Nbd2 Bb7 9. e4 a5 {[%emt 0:00:04] E06: Closed Catalan: Early deviations.} 10. Re1 Na6 11. a3 Rc8 {[%emt 0:05:36] The position is equal.} 12. e5 Nd7 {[%emt 0:00:23] [#]} 13. Bf1 $146 ({Predecessor:} 13. b3 c5 14. Bb2 dxc4 15. Ng5 Bxg5 16. Bxb7 cxb3 17. Nxb3 a4 18. Nc1 Rb8 19. Bxa6 {1-0 (41) Lehmann,L (1918)-Hentze,M (2115) Leipzig 2014}) 13... dxc4 14. Ne4 (14. Bxc4 c5 $15) (14. Nxc4 $11 c5 15. Qd1) 14... c5 $1 $15 {[%emt 0:02:22] [#] Strongly threatening ...cxd4.} 15. Neg5 g6 {[%emt 0:02:18] White must now prevent ...cxd4.} 16. d5 Bxd5 {[%emt 0:04:42] Hoping for ...b5.} ({Much less strong is} 16... exd5 17. e6 $16) 17. Bxc4 Nc7 18. h4 b5 19. Bxd5 exd5 20. h5 $1 Ne6 $36 {[%emt 0:03:16][%cal Re7g5][%mdl 2048] Black is more active.} 21. Nxe6 {[%emt 0:11:59][%mdl 8192] White does not recover from this.} (21. hxg6 $1 $11 Bxg5 22. gxf7+ Rxf7 23. Nxg5 Nxg5 24. Bxg5 Qxg5 25. e6) 21... fxe6 $19 22. hxg6 Rxf3 23. gxh7+ {[%emt 0:00:04] [#]} Kh8 (23... Kg7 $142 $1 24. Kg2 Rf5) 24. Qg6 Qe8 25. Qxe6 Rf7 {[%emt 0:00:13][%cal Bf3f7,Bf7g7,Bg7h7][%mdl 32] aiming for ...d4.} 26. Bf4 (26. Qxd5 $142 Nb6 27. Qe6) 26... d4 ({Stronger than} 26... Rxh7 27. Kg2 Nf8 28. Qxd5 $17) 27. Qg4 Rg7 28. Qf5 Nb6 ({Weaker is} 28... Rxh7 29. Kg2 $14) 29. Bh6 (29. e6 {was called for.} Qg6 30. Qe4) 29... Rxh7 30. Kg2 (30. Bg5 $142 Bxg5 31. Qxg5) 30... Qc6+ 31. f3 Qxh6 32. Rh1 Qd2+ 33. Kg1 Rxh1+ 34. Kxh1 Kg7 {[%emt 0:00:41] ( -> ...Rh8+)} 35. Qg4+ Qg5 36. Qe6 Rh8+ 37. Kg2 Rh6 {[%emt 0:00:36] Weighted Error Value: White=1.10/Black=0.24 (precise)} (37... Qd2+ $142 38. Kg1 Qh2+ 39. Kf1 Qh1+ 40. Ke2 Rh2+ 41. Kd3 Qxf3#) 0-1

[Event "FRA-ch Teams Top 16-Haute 2022"]
[Site "Chartres"]
[Date "2022.06.16"]
[Round "8.32"]
[White "Benmesbah, Natacha"]
[Black "Milliet, Sophie"]
[Result "0-1"]
[ECO "C58"]
[WhiteElo "2251"]
[BlackElo "2410"]
[Annotator "TA"]
[PlyCount "60"]
[EventDate "2022.06.16"]
[EventType "team-tourn"]
[EventCountry "FRA"]
[SourceTitle "playchess.com"]
[Source "ChessBase"]
[SourceQuality "1"]
[TimeControl "40/5400+30:1800+30"]

1. e4 e5 2. Nf3 Nc6 3. Bc4 Nf6 4. Ng5 d5 5. exd5 Na5 6. Bb5+ Bd7 7. Qe2 Be7 8. Nf3 {[%emt 0:00:19] C58: Two Knights: 4 Ng5 d5 5 exd5 Na5 sidelines.} Nxd5 9. Bxd7+ Qxd7 10. Nxe5 {[%emt 0:00:34] The position is equal.} Qe6 11. Nf3 Qg6 {[%emt 0:02:35] And now ...Nf4 would win.} 12. d4 $1 {[%emt 0:09:25] 0-0 is the strong threat.} Qxg2 13. Rg1 Qh3 {[%emt 0:00:05] [#]} 14. Bd2 $146 (14. Rg3 $5 Qe6 15. Qxe6 (15. Rxg7 O-O-O $14) 15... fxe6 16. Rxg7 $11) ({Predecessor:} 14. Rg3 Qe6 15. Qxe6 fxe6 16. Rxg7 Bf6 17. Rg4 O-O-O 18. Nbd2 Nc6 19. Kf1 Rdf8 20. Nb3 {½-½ (41) Langheld,W (2013)-Gazen,L (1931) LSS email 2017}) 14... O-O-O {[%emt 0:22:40][%cal Oh8e8] aiming for ...Rhe8!} 15. Bxa5 (15. Rg3 $11 {keeps the balance.} Qf5 16. Bxa5 Bb4+ 17. Bxb4) 15... Rhe8 $1 $17 {[%emt 0:03:06] Black is more active.} 16. Ne5 {[%emt 0:03:09] Threatens to win with Nc3.} f6 $1 17. Rg3 (17. Rxg7 $2 fxe5 18. Qg4+ (18. dxe5 $2 Bf6 $19) 18... Qxg4 19. Rxg4 exd4 $19) ({White should play} 17. Nc3 fxe5 18. Nxd5 (18. dxe5 Bf6 $17) (18. Rxg7 $2 exd4 19. Nxd5 Bb4+ 20. Bxb4 Rxe2+ 21. Kxe2 Rxd5 $19) 18... Rxd5 19. Bd2) 17... Qe6 18. Nc3 fxe5 $19 19. O-O-O (19. dxe5 Bf6 $1 20. exf6 Qa6 $17) (19. Rxg7 Nf4 20. Qxe5 Bd6 21. Qxe6+ Nxe6) 19... Nf4 20. Qe4 Qa6 21. Qxe5 (21. dxe5 $2 Rxd1+ 22. Kxd1 Qf1+ 23. Kd2 Qxf2+ 24. Ne2 Nxe2 25. Qg4+ Kb8 26. Qxe2 Bg5+ $1 27. Kd1 Qxe2+ 28. Kxe2 Rxe5+ 29. Kd3 Rxa5 $19) 21... Bd6 22. Qf5+ Kb8 {[%emt 0:00:01][%mdl 1024] Strongly threatening ...g6. Black has strong compensation.} 23. Re3 (23. Rxg7 $17 {was called for.} Ne6 24. Rxh7) 23... b6 $36 {[%emt 0:04:44][%mdl 2048] Hoping for ...Rf8. Keeping White busy.} 24. Ne4 $2 (24. Rxe8 Rxe8 25. Bb4) 24... g6 {[%emt 0:07:36][%mdl 64] Deflection} (24... Qxa5 $2 25. Nxd6 Ne2+ 26. Kb1 cxd6 27. Qxa5 bxa5 28. c3 $19) 25. Qg4 h5 ({Worse is} 25... Qxa5 26. Nxd6 Rf8 27. Ne4 $17 (27. Ra3 $2 Qd5 $19)) 26. Qf3 {[%emt 0:03:09] [#]} Rf8 $1 27. Bc3 {[%emt 0:01:45] [#]} (27. Nxd6 $142 Nd3+ 28. Rdxd3 Rxf3 29. Rxf3 cxd6 30. Bc3) 27... Nd3+ $1 28. Rexd3 (28. Rdxd3 Rxf3) 28... Rxf3 29. Rxf3 Qe2 30. Nd2 Bxh2 {[%emt 0:00:30] Weighted Error Value: White=0.36/Black=0.11 (very precise)} 0-1

[Event "FRA-ch Teams Top 16-Haute 2022"]
[Site "Chartres"]
[Date "2022.06.17"]
[Round "9.1"]
[White "Movsesian, Sergei"]
[Black "Parligras, Mircea-Emilian"]
[Result "1/2-1/2"]
[ECO "C65"]
[WhiteElo "2600"]
[BlackElo "2583"]
[Annotator "TA"]
[PlyCount "33"]
[EventDate "2022.06.16"]
[EventType "team-tourn"]
[EventCountry "FRA"]
[SourceTitle "playchess.com"]
[Source "ChessBase"]
[SourceQuality "1"]
[TimeControl "40/5400+30:1800+30"]

1. e4 e5 2. Nf3 Nc6 3. Bb5 Nf6 4. d3 Bc5 5. c3 O-O 6. O-O {[%emt 0:00:17] C65: Ruy Lopez: Berlin Defence (3...Nf6), unusual lines and 4 0-0 Bc5.} d5 7. exd5 Qxd5 8. Bc4 {[%emt 0:00:46] White has an edge.} Qd8 9. Nbd2 a6 10. a4 {[%emt 0:01:26] Inhibits b5.} h6 {[%emt 0:00:13] [#]} 11. Qe2 $146 ({Predecessor:} 11. Re1 Re8 12. b4 Bd6 13. Ne4 Be6 14. Qb3 Bxc4 15. Qxc4 Be7 16. Nxf6+ Bxf6 17. Nd2 {½-½ (48) Brkic,A (2599)-Van Foreest,L (2532) Terme Catez 2021}) 11... Re8 {[%emt 0:01:15] The position is equal.} 12. Ne4 Nxe4 13. dxe4 Qf6 14. Be3 Bxe3 15. Qxe3 Be6 16. Be2 Na5 17. Nd2 {[%emt 0:09:08] A balanced but interesting game.  Weighted Error Value: White=0.03 (flawless) /Black=0.03 (flawless)} (17. b4 $11 Nc4 18. Qc5) 1/2-1/2

[Event "FRA-ch Teams Top 16-Haute 2022"]
[Site "Chartres"]
[Date "2022.06.17"]
[Round "9.2"]
[White "Abasov, Nijat"]
[Black "Esipenko, Andrey"]
[Result "1/2-1/2"]
[ECO "C50"]
[WhiteElo "2635"]
[BlackElo "2709"]
[Annotator "TA"]
[PlyCount "31"]
[EventDate "2022.06.16"]
[EventType "team-tourn"]
[EventCountry "FRA"]
[SourceTitle "playchess.com"]
[Source "ChessBase"]
[SourceQuality "1"]
[TimeControl "40/5400+30:1800+30"]

1. e4 e5 2. Nf3 Nc6 3. Bc4 Nf6 4. d3 Bc5 5. O-O O-O 6. Nc3 h6 7. h3 d6 8. Na4 Bb6 {[%emt 0:00:09] C50: Hungarian Defence and Giuoco Pianissimo.} 9. a3 Ne7 {[%emt 0:01:06] 9...Re8 is becoming the main line.} 10. Re1 Ng6 11. b4 {[%emt 0:04:30] [#]} Qe8 $146 ({Predecessor:} 11... Re8 12. Bb3 Nh5 13. Nxb6 axb6 14. Ng5 hxg5 15. Qxh5 Be6 16. Bxe6 Rxe6 17. Bxg5 Qd7 {1-0 (27) Aronian,L (2772)-Mikhalevski,V (2562) Warsaw 2021}) 12. Nxb6 axb6 13. c3 Be6 {[%emt 0:02:31] The position is equal.} 14. Bxe6 Qxe6 15. a4 b5 16. Be3 {[%emt 0:15:45] An interesting draw.  Weighted Error Value: White=0.08 (flawless) /Black=0.10 (very precise)} 1/2-1/2

[Event "FRA-ch Teams Top 16-Haute 2022"]
[Site "Chartres"]
[Date "2022.06.17"]
[Round "9.3"]
[White "Moussard, Jules"]
[Black "Demuth, Adrien"]
[Result "1-0"]
[ECO "B40"]
[WhiteElo "2651"]
[BlackElo "2493"]
[Annotator "TA"]
[PlyCount "121"]
[EventDate "2022.06.16"]
[EventType "team-tourn"]
[EventCountry "FRA"]
[SourceTitle "playchess.com"]
[Source "ChessBase"]
[SourceQuality "1"]
[TimeControl "40/5400+30:1800+30"]

1. e4 c5 2. Nf3 e6 3. b3 Nc6 4. Bb2 a6 5. c4 Qc7 6. g3 {[%emt 0:00:27] B40: Sicilian: 2...e6, Unusual lines.} Nf6 7. e5 Ng4 8. Bg2 $5 {[%emt 0:00:17][%mdl 4] [#] The position is equal. An interesting side line.} Ngxe5 $146 ({Predecessor:} 8... Be7 9. O-O O-O 10. Re1 f6 11. exf6 Bxf6 12. Bxf6 Nxf6 13. d4 cxd4 14. Nxd4 e5 {1-0 (75) Antipov,M (2609)-Tsolakidou,S (2379) Chess.com INT 2021}) 9. Nxe5 Nxe5 10. O-O Nc6 11. Re1 Nd4 12. Nc3 Be7 (12... g6 $1 $11) 13. Qg4 $1 $14 O-O 14. Nd5 {[%emt 0:00:10][%mdl 64] [#] Prevents Bf6. Pin, Double Attack} Qd8 15. Nxe7+ Qxe7 16. Bxd4 cxd4 17. Qxd4 d6 18. Re3 Qf6 19. Rd3 {[%emt 0:31:32] And now Qxf6 would win. White is much more active. The black rooks are badly placed.} Rd8 20. Qxf6 gxf6 21. c5 d5 22. b4 Bd7 23. Ra3 Bb5 24. Rc1 e5 25. f4 Rac8 26. Bf1 Bxf1 27. Kxf1 {[%emt 0:01:16][%mdl 4096] Endgame KRR-KRR} d4 28. Re1 Re8 29. Re4 Kg7 30. Ke2 Kg6 31. g4 f5 32. gxf5+ Kxf5 33. Rxe5+ Kxf4 34. Rxe8 Rxe8+ {[%emt 0:00:01] KR-KR} 35. Kd3 f5 $1 36. c6 bxc6 37. Rxa6 Rc8 38. Kxd4 Kf3 (38... h5 $1 $14) 39. Ke5 $16 f4 40. Ra3+ Ke2 $2 (40... Kg4 $16 {is a better defense.}) 41. Kxf4 $18 Kxd2 42. Ra5 {[%emt 0:00:50] Hoping for Ke5.} Kc3 43. a3 Kb3 $2 (43... Rd8 44. Ra6 Rd6) 44. h4 Rd8 45. h5 Rd6 46. Ke5 Rh6 47. Kd4 Rd6+ 48. Ke5 $2 (48. Kc5 Rh6 49. Kb6) 48... Rh6 49. Kf4 $2 (49. Ke4 $18) 49... Re6 $2 (49... Rd6 $1 $11 {and Black has nothing to worry.}) 50. Kg5 Rd6 51. Ra7 Kb2 $2 (51... Rd3 52. Kh6 (52. Rxh7 Rd5+ 53. Kg6 Rd6+ 54. Kg5 Rd5+ 55. Kh6 Rd6+ 56. Kg5 Rd5+ $16) 52... Rd5) 52. h6 Rg6+ 53. Kh5 Rg1 54. Rxh7 Rh1+ 55. Kg6 {[%emt 0:00:00] [#] Threatens to win with Ra7.} Rg1+ 56. Kf6 Rf1+ 57. Ke6 (57. Ke5 $142 Kxa3 58. Rh8) 57... Rg1 58. a4 {[%emt 0:00:00][%cal Ba3a4,Ba4a5,Ba5a6][%mdl 32] aiming for a5.} Kb3 59. a5 Kxb4 60. a6 (60. Rb7+ Kxa5 61. Rh7 Rh1 $11) 60... Re1+ 61. Kd6 {[%emt 0:00:00] Weighted Error Value: White=0.16 (very precise) /Black=0.57} 1-0